 Dungeon Crawl Stone Soup version 0.17-a0-229-g5ae695d (webtiles) character file.

720 inmateoo the Changer (level 7, -1/61 HPs)
             Began as a Naga Transmuter on Mar 29, 2015.
             Was an Initiate of Ashenzari.
             Slain by a slave (4 damage)
             ... led by Pikel
             ... on level 4 of the Dungeon.
             The game lasted 00:12:40 (5228 turns).

inmateoo the Changer (Naga Transmuter)              Turns: 5228, Time: 00:12:40

Health: -1/61      AC:  9    Str: 16    XL:     7   Next: 70%
Magic:  15/15      EV: 10    Int: 15    God:    Ashenzari [......]
Gold:   162        SH:  0    Dex: 12    Spells: 4 memorised, 1 level left

rFire  . . .     SeeInvis +     q - +2 flail (protect)
rCold  . . .     Clarity  .     m - +0 leather armour {MR+}
rNeg   . . .     SustAb   .     (no shield)
rPois  +         Gourm    .     (no helmet)
rElec  .         Spirit   .     (no cloak)
rCorr  .         Warding  .     (no gloves)
rMut   .         Stasis   .     (no barding)
MR     +....                    (no amulet)
Stlth  +.........               (no ring)
                                p - +4 ring of strength

@: very slightly contaminated, invisible (expiring), very slow, somewhat
resistant to hostile enchantments, very unstealthy
A: see invisible, deformed body, poison resistance, slowness 2, spit poison 2,
AC +2
a: Spit Poison, Renounce Religion


You were on level 4 of the Dungeon.
You worshipped Ashenzari.
Ashenzari was noncommittal.
You were very hungry.

You visited 2 branches of the dungeon, and saw 5 of its levels.

You collected 162 gold pieces.

Inventory:

Hand weapons
 q - a +2 flail of protection (weapon)
Missiles
 b - 14 arrows
 g - a stone (quivered)
 h - 12 poisoned needles
Armour
 m - a +0 leather armour of magic resistance (worn)
Jewellery
 p - a +4 ring of strength (left hand)
Scrolls
 f - 2 scrolls of recharging
 n - a scroll of fog
 o - a scroll of noise
Potions
 l - a potion of restore abilities
Books
 d - a book of Changes

   Spells                             Type                      Level
   a - Beastly Appendage              Transmutation                1
   b - Sticks to Snakes               Transmutation                2
   c - Spider Form                    Transmutation/Poison         3
   d - Ice Form                       Ice/Transmutation            4
   e - Blade Hands                    Transmutation                5
Comestibles
 a - 2 bread rations
 c - a beef jerky
 i - 2 slices of pizza


   Skills:
 + Level 2.5 Fighting
 + Level 2.4 Armour
 * Level 3.5 Dodging
 + Level 4.2 Unarmed Combat
 + Level 3.4 Spellcasting
 * Level 4.2 Transmutations


You had one spell level left.
You knew the following spells:

 Your Spells              Type           Power        Failure   Level  Hunger
a - Beastly Appendage     Trmt           ###...       4%          1    None
b - Sticks to Snakes      Trmt           ###.......   8%          2    ##.....
c - Spider Form           Trmt/Pois      #.........   28%         3    ###....
d - Blade Hands           Trmt           ###.......   92%         5    ######.


Dungeon Overview and Level Annotations

Branches:
Dungeon (4/15)             Temple (1/1) D:4

Altars:
Ashenzari
Dithmenos
Elyvilon
Fedhas
Gozag
Kikubaaqudgha
Makhleb
Nemelex Xobeh
Qazlal
Ru
Sif Muna
Vehumet
Xom
Yredelemnul
The Shining One

Annotations:
D:4 Pikel


Innate Abilities, Weirdness & Mutations

You cannot wear boots.
Your serpentine skin is tough (AC +2).
You have supernaturally acute eyesight.
Armour fits poorly on your strangely shaped body.
Your system is resistant to poisons.
You cover ground very slowly.
You can spit poison.


Message History

* * * LOW HITPOINT WARNING * * *
Unknown command.
Pikel hits you with a whip of flaming.
* * * LOW HITPOINT WARNING * * *
Pikel burns you.
* * * LOW HITPOINT WARNING * * *
Unknown command.
Pikel says, "You'll feel the lick of my whip!"
Unknown command.
Unknown command.
The slave hits you but does no damage.
Unknown command.
Unknown command.
The slave hits you but does no damage.
Unknown command.
You flicker for a moment.
There is an escape hatch in the ceiling here.
Unknown command.
The slave hits you.
You die...

.⌠.# #...[##..###..##.##.....###
...###..#.()..###..............#
...........#...#..##+###.....#.##
...........(..........##.....#.#.
......................##.....#.#.
......................####.###.#.
........................##.# #.##
...........................# #.#
......##....p.pp@.......#..# #.#
....####.....Kp.........#..###.##
....# #........).......#....)..#
##### #........).......#.^.##..#
#8# #..........#######...##...
...8####.........)##........##.##
....##............##.............
....r#.####.......##...........##
....#### #.......##...........##


You could see Pikel and 4 slaves.

Vanquished Creatures
  The ghost of Boldrick the Covered, an experienced GrBe of Trog (D:4)
  2 ogres (D:3)
  An orc priest (D:4)
  2 worker ants (D:4)
  An iguana (D:4)
  4 adders
  10 gnolls
  3 worms
  An adder skeleton (D:4)
  2 giant geckos
  3 orcs (D:4)
  3 ball pythons
  5 bats
  A bat skeleton (D:4)
  A giant cockroach (D:1)
  12 goblins
  4 hobgoblins
  3 jackals
  12 kobolds
  6 giant newts
  9 rats
86 creatures vanquished.

Vanquished Creatures (collateral kills)
  Terence (D:2)
  A goblin (D:2)
  A rat (D:3)
3 creatures vanquished.

Vanquished Creatures (others)
  2 plants (D:3)
2 creatures vanquished.

Grand Total: 91 creatures vanquished

Notes
Turn   | Place    | Note
--------------------------------------------------------------
     0 | D:1      | inmateoo, the Naga Transmuter, began the quest for the Orb.
     0 | D:1      | Reached XP level 1. HP: 18/18 MP: 3/3
   651 | D:1      | Reached XP level 2. HP: 22/25 MP: 4/4
   894 | D:1      | Learned a level 2 spell: Sticks to Snakes
  1403 | D:2      | Reached XP level 3. HP: 31/31 MP: 6/6
  1601 | D:2      | Learned a level 3 spell: Spider Form
  2031 | D:2      | Reached XP level 4. HP: 33/38 MP: 8/8
  2052 | D:2      | Noticed Terence
  2068 | D:2      | Killed Terence
  2441 | D:3      | Found a blossoming altar of Fedhas.
  2657 | D:3      | Reached skill level 1 in Armour
  2853 | D:3      | Reached XP level 5. HP: 41/44 MP: 7/9
  3414 | D:3      | Noticed an ogre
  3436 | D:3      | Killed an ogre
  3436 | D:3      | Reached XP level 6. HP: 50/52 MP: 2/11
  4093 | D:4      | Noticed Boldrick's ghost (experienced GrBe)
  4109 | D:4      | Killed Boldrick's ghost
  4109 | D:4      | Reached skill level 4 in Unarmed Combat
  4109 | D:4      | Reached XP level 7. HP: 54/61 MP: 5/14
  4231 | D:4      | Found a shadowy altar of Dithmenos.
  4259 | D:4      | Found a staircase to the Ecumenical Temple.
  4282 | Temple   | Entered the Ecumenical Temple
  4652 | Temple   | Became a worshipper of Ashenzari the Shackled
  4899 | D:4      | Learned a level 5 spell: Blade Hands
  5179 | D:4      | Found a sacrificial altar of Ru.
  5200 | D:4      | Noticed Pikel
  5221 | D:4      | HP: 2/61 [Pikel/whip of flaming (2)]
  5228 | D:4      | Slain by a slave

Action                   |  1- 3 |  4- 6 |  7- 9 || total
-------------------------+-------+-------+-------++-------
Melee: Unarmed           |   103 |    33 |       ||   136
       Flail             |       |    71 |    71 ||   142
Throw: Stone             |    14 |       |       ||    14
 Cast: Beastly Appendage |    15 |     6 |     3 ||    24
       Sticks to Snakes  |     3 |    18 |       ||    21
 Abil: Spit Poison       |    16 |    14 |     6 ||    36
  Use: Scroll            |       |     5 |     1 ||     6
       Potion            |       |     4 |     2 ||     6
  Eat: Chunk             |     5 |     9 |     3 ||    17
